General information
- name: BNet
- type: Ladder team game (AT/RT)
- host: Battle.net
- saver: KINGOFTHEHUMANS
map: GolemsInTheMist_LV
- players: 8
- length: 48:25
- speed: Fast
- version: 1.29 W3XP
- replay type: Public
» download(477 KB)
Players
team 1 (loser)

»
DeathByStealth2 (
orange | 41 APM | 1753 actions | 43:05)
7 Demon Hunter
3 Mana Burn
3 Evasion
1 Metamorphosis
7 Priestess of the Moon
3 Searing Arrows
3 Trueshot Aura
1 Starfall
1 Firelord
1 Incinerate
» actions
| Basic commands | 6 | |
| Build / train | 125 | |
| Enter build submenu | 22 | |
| Enter hero's abilities submenu | 17 | |
| Give item / drop item | 1 | |
| Remove unit from queue | 7 | |
| Right click | 916 | |
| Select / deselect | 548 | |
| Use ability | 111 | |
1753 total
» units
| Wisp | 25 | |
| Archer | 9 | |
| Chimaera | 10 | |
| Hippogryph | 16 | |
| Troll Batrider | 7 | |
| Dryad | 8 | |
75 total
» upgrades
| Strength of the Wild | 3 | |
| Improved Bows | 1 | |
| Reinforced Hides | 3 | |
| Corrosive Breath | 1 | |
| Well Spring | 1 | |
| Abolish Magic | 1 | |
10 total
» buildings
| Moon Well | 8 | |
| Altar of Elders | 2 | |
| Ancient of War | 1 | |
| Ancient of Wonders | 1 | |
| Tree of Ages | 1 | |
| Tree of Life | 1 | |
| Hunter's Hall | 1 | |
| Tree of Eternity | 1 | |
| Ancient of Wind | 1 | |
| Chimaera Roost | 3 | |
| Ancient Protector | 1 | |
| Ancient of Lore | 2 | |
23 total
» build order
00:19 Moon Well
00:28 Altar of Elders
00:33 Ancient of War
01:25 Moon Well
01:47 Ancient of Wonders
02:14 Moon Well
03:55 Tree of Ages
04:42 Tree of Life
04:51 Hunter's Hall
05:20 Moon Well
06:25 Tree of Eternity
07:20 Ancient of Wind
08:30 Moon Well
08:51 Chimaera Roost
08:52 Chimaera Roost
08:55 Chimaera Roost
09:04 Ancient Protector
11:38 Moon Well
14:04 Altar of Elders
15:11 Moon Well
21:06 Moon Well
26:24 Ancient of Lore
26:33 Ancient of Lore
» items
| Scroll of Town Portal | 5 | |
| Orb of Venom | 1 | |
| Dust of Appearance | 1 | |
| Scroll of Regeneration | 3 | |
| Lesser Clarity Potion | 1 | |
11 total
UrAComedian (
pink | 62 APM | 3011 actions | 48:24)
7 Blood Mage
3 Flame Strike
2 Siphon Mana
1 Summon Phoenix
1 Banish
3 Archmage
2 Summon Water Elemental
1 Brilliance Aura
» actions
| Assign group hotkey | 72 | |
| Basic commands | 250 | |
| Build / train | 118 | |
| Enter build submenu | 62 | |
| Enter hero's abilities submenu | 11 | |
| Give item / drop item | 3 | |
| Remove unit from queue | 3 | |
| Right click | 1223 | |
| Select / deselect | 622 | |
| Select group hotkey | 480 | |
| Use ability | 167 | |
3011 total
» units
| Peasant | 24 | |
| Footman | 4 | |
| Goblin Shredder | 1 | |
| Sorceress | 2 | |
| Gryphon Rider | 5 | |
| Siege Engine | 7 | |
| Goblin Sapper | 1 | |
44 total
» upgrades
| Sorceress Training | 1 | |
| Magic Sentry | 1 | |
| Swords | 3 | |
| Armor | 3 | |
| Animal War Training | 1 | |
| Storm Hammers | 1 | |
| Cloud | 1 | |
| Gunpowder | 3 | |
| Plating | 3 | |
| Barrage | 1 | |
| Masonry | 1 | |
19 total
» buildings
| Altar of Kings | 1 | |
| Barracks | 1 | |
| Farm | 11 | |
| Scout Tower | 37 | |
| Arcane Tower | 2 | |
| Keep | 1 | |
| Lumber Mill | 1 | |
| Arcane Vault | 1 | |
| Castle | 1 | |
| Town Hall | 3 | |
| Arcane Sanctum | 1 | |
| Gryphon Aviary | 4 | |
| Blacksmith | 2 | |
| Guard Tower | 8 | |
| Workshop | 4 | |
78 total
» build order
00:46 Altar of Kings
00:49 Barracks
00:51 Farm
00:52 Farm
01:04 Farm
02:32 Scout Tower
03:01 Arcane Tower
03:49 Keep
04:00 Farm
04:33 Farm
04:37 Lumber Mill
04:39 Arcane Vault
06:10 Castle
06:35 Town Hall
06:39 Scout Tower
06:40 Scout Tower
06:41 Scout Tower
06:42 Scout Tower
06:46 Arcane Sanctum
08:53 Gryphon Aviary
08:54 Gryphon Aviary
08:54 Gryphon Aviary
09:15 Gryphon Aviary
09:17 Blacksmith
09:18 Blacksmith
10:52 Farm
10:54 Farm
10:55 Farm
10:57 Farm
10:57 Farm
13:05 Farm
16:50 Scout Tower
18:35 Scout Tower
18:36 Scout Tower
18:37 Scout Tower
18:38 Scout Tower
18:40 Scout Tower
18:41 Scout Tower
18:42 Scout Tower
18:43 Scout Tower
18:49 Scout Tower
18:49 Scout Tower
18:51 Scout Tower
18:52 Scout Tower
18:53 Scout Tower
19:13 Arcane Tower
19:46 Guard Tower
21:40 Guard Tower
22:13 Workshop
22:14 Workshop
22:16 Workshop
22:23 Workshop
22:49 Guard Tower
23:19 Scout Tower
23:19 Scout Tower
23:19 Scout Tower
23:19 Scout Tower
23:20 Scout Tower
23:24 Town Hall
24:11 Guard Tower
24:11 Guard Tower
24:51 Guard Tower
25:49 Scout Tower
25:49 Scout Tower
28:03 Guard Tower
31:34 Scout Tower
31:37 Scout Tower
37:21 Town Hall
37:27 Scout Tower
37:27 Scout Tower
37:27 Scout Tower
37:28 Scout Tower
37:31 Scout Tower
37:32 Scout Tower
37:33 Scout Tower
37:34 Scout Tower
39:00 Guard Tower
» items
| Mechanical Critter | 3 | |
| Scroll of Regeneration | 5 | |
| Scroll of Town Portal | 8 | |
| Potion of Healing | 3 | |
| Potion of Mana | 1 | |
| Staff of Sanctuary | 3 | |
| Staff of Teleportation | 1 | |
| Potion of Invisibility | 1 | |
| Tiny Great Hall | 1 | |
| Periapt of Vitality | 1 | |
| Boots of Speed | 1 | |
28 total
ReadyToBurn (
yellow | 58 APM | 1157 actions | 20:03)
5 Blademaster
3 Wind Walk
2 Critical Strike
1 Tauren Chieftain
1 War Stomp
1 Firelord
1 Summon Lava Spawn
» actions
| Assign group hotkey | 3 | |
| Basic commands | 16 | |
| Build / train | 75 | |
| Enter build submenu | 18 | |
| Enter hero's abilities submenu | 7 | |
| Give item / drop item | 3 | |
| Remove unit from queue | 1 | |
| Right click | 609 | |
| Select / deselect | 333 | |
| Select group hotkey | 10 | |
| Use ability | 82 | |
1157 total
» units
| Peon | 7 | |
| Grunt | 5 | |
| Forest Troll Shadow Priest | 2 | |
| Forest Troll Berserker | 4 | |
| Wind Rider | 9 | |
| Raider | 2 | |
| Shaman | 8 | |
| Kodo Beast | 1 | |
38 total
» upgrades
| Armor | 2 | |
| Melee Weapons | 1 | |
| Spiked Barricades | 1 | |
| Ensnare | 1 | |
| Shaman Training | 2 | |
| Envenomed Spears | 1 | |
| Reinforced Defenses | 1 | |
| Witch Doctor Training | 1 | |
10 total
» buildings
| Altar of Storms | 2 | |
| Orc Burrow | 5 | |
| Barracks | 1 | |
| War Mill | 1 | |
| Voodoo Lounge | 1 | |
| Stronghold | 2 | |
| Beastiary | 1 | |
| Fortress | 1 | |
| Spirit Lodge | 1 | |
| Great Hall | 1 | |
16 total
» build order
00:13 Altar of Storms
00:16 Orc Burrow
00:19 Altar of Storms
00:47 Barracks
01:12 War Mill
01:43 Orc Burrow
02:17 Voodoo Lounge
03:26 Stronghold
03:26 Stronghold
04:00 Orc Burrow
06:29 Beastiary
07:24 Fortress
07:27 Spirit Lodge
09:17 Orc Burrow
16:11 Great Hall
19:02 Orc Burrow
» items
| Healing Salve | 2 | |
| Lesser Clarity Potion | 2 | |
| Scroll of Speed | 3 | |
| Scroll of Regeneration | 2 | |
| Orb of Lightning | 2 | |
| Potion of Healing | 1 | |
12 total

»
quikmaffs242 (
green | 44 APM | 2140 actions | 48:24)
9 Mountain King
3 Thunder Clap
3 Storm Bolt
1 Avatar
2 Bash
» actions
| Assign group hotkey | 14 | |
| Basic commands | 7 | |
| Build / train | 70 | |
| Enter build submenu | 24 | |
| Enter hero's abilities submenu | 10 | |
| Give item / drop item | 1 | |
| Remove unit from queue | 3 | |
| Right click | 1234 | |
| Select / deselect | 350 | |
| Select group hotkey | 353 | |
| Use ability | 74 | |
2140 total
» units
| Peasant | 8 | |
| Footman | 3 | |
| Rifleman | 7 | |
| Mortar Team | 9 | |
| Siege Engine | 4 | |
31 total
» upgrades
| Lumber Harvesting | 2 | |
| Long Rifles | 1 | |
| Gunpowder | 3 | |
| Fragmentation Shards | 1 | |
| Barrage | 1 | |
| Armor | 2 | |
10 total
» buildings
| Altar of Kings | 1 | |
| Farm | 10 | |
| Barracks | 3 | |
| Arcane Vault | 1 | |
| Lumber Mill | 1 | |
| Blacksmith | 1 | |
| Keep | 1 | |
| Scout Tower | 4 | |
| Guard Tower | 2 | |
| Workshop | 2 | |
| Castle | 1 | |
27 total
» build order
00:09 Altar of Kings
00:29 Farm
00:44 Barracks
01:11 Farm
01:19 Arcane Vault
01:59 Lumber Mill
02:29 Farm
03:00 Blacksmith
03:34 Barracks
03:53 Barracks
04:18 Farm
05:31 Keep
05:40 Farm
05:56 Scout Tower
06:26 Scout Tower
06:28 Guard Tower
08:24 Workshop
08:30 Workshop
09:43 Farm
09:46 Farm
10:25 Scout Tower
10:28 Farm
10:45 Castle
10:57 Scout Tower
11:42 Guard Tower
27:23 Farm
27:25 Farm
» items
| Lesser Clarity Potion | 2 | |
| Scroll of Town Portal | 1 | |
| Scroll of Regeneration | 5 | |
| Orb of Fire | 1 | |
| Potion of Healing | 2 | |
| Potion of Mana | 1 | |
12 total
team 2 (winner)

»
ShiG (
teal | 128 APM | 4520 actions | 35:14)
5 Death Knight
3 Death Coil
2 Unholy Aura
3 Lich
2 Frost Nova
1 Frost Armor
3 Dark Ranger
2 Black Arrow
1 Silence
1 Keeper of the Grove
1 Tranquility
1 Priestess of the Moon
1 Trueshot Aura
» actions
| Assign group hotkey | 46 | |
| Basic commands | 82 | |
| Build / train | 75 | |
| ESC pressed | 7 | |
| Enter build submenu | 13 | |
| Enter hero's abilities submenu | 13 | |
| Right click | 1957 | |
| Select / deselect | 440 | |
| Select group hotkey | 1769 | |
| Use ability | 118 | |
4520 total
» units
| Acolyte | 13 | |
| Ghoul | 3 | |
| Crypt Fiend | 10 | |
| Obsidian Statue | 1 | |
| Hippogryph | 5 | |
| Gargoyle | 4 | |
| Abomination | 7 | |
| Archer | 4 | |
47 total
» upgrades
| Web | 1 | |
| Disease Cloud | 1 | |
| Unholy Strength | 1 | |
| Unholy Armor | 1 | |
4 total
» buildings
| Graveyard | 1 | |
| Crypt | 1 | |
| Ziggurat | 6 | |
| Altar of Darkness | 1 | |
| Tomb of Relics | 2 | |
| Halls of the Dead | 1 | |
| Slaughterhouse | 1 | |
| Black Citadel | 1 | |
| Spirit Tower | 1 | |
| Nerubian Tower | 1 | |
16 total
» build order
00:10 Graveyard
00:19 Crypt
00:41 Ziggurat
01:00 Altar of Darkness
01:19 Tomb of Relics
02:14 Ziggurat
02:52 Ziggurat
05:26 Halls of the Dead
05:28 Ziggurat
08:21 Slaughterhouse
08:55 Ziggurat
09:02 Black Citadel
09:40 Spirit Tower
09:42 Nerubian Tower
10:52 Tomb of Relics
20:54 Ziggurat
» items
TriHeroPlayer (
red | 138 APM | 4860 actions | 35:15)
7 Warden
3 Fan of Knives
3 Blink
1 Spirit of Vengeance
» actions
| Assign group hotkey | 115 | |
| Basic commands | 43 | |
| Build / train | 133 | |
| ESC pressed | 14 | |
| Enter build submenu | 173 | |
| Enter hero's abilities submenu | 10 | |
| Give item / drop item | 4 | |
| Right click | 2744 | |
| Select / deselect | 500 | |
| Select group hotkey | 745 | |
| Use ability | 379 | |
4860 total
» units
» upgrades
| Ultravision | 1 | |
| Nature's Blessing | 1 | |
| Well Spring | 1 | |
3 total
» buildings
| Altar of Elders | 1 | |
| Moon Well | 86 | |
| Ancient of War | 9 | |
| Hunter's Hall | 1 | |
| Tree of Life | 6 | |
| Ancient Protector | 64 | |
| Tree of Ages | 1 | |
| Tree of Eternity | 1 | |
| Ancient of Wonders | 1 | |
170 total
» build order
00:10 Altar of Elders
00:17 Moon Well
01:15 Ancient of War
01:33 Moon Well
02:28 Moon Well
02:45 Moon Well
02:57 Hunter's Hall
04:41 Tree of Life
04:57 Tree of Life
05:09 Ancient Protector
05:09 Ancient Protector
05:26 Tree of Ages
05:39 Ancient Protector
05:40 Ancient Protector
08:16 Tree of Eternity
08:24 Moon Well
08:25 Moon Well
08:26 Moon Well
08:27 Moon Well
08:58 Ancient of Wonders
09:09 Moon Well
09:16 Ancient Protector
09:16 Ancient Protector
09:18 Ancient Protector
09:19 Ancient Protector
09:19 Ancient Protector
09:50 Tree of Life
09:52 Ancient Protector
10:02 Ancient Protector
10:03 Ancient Protector
11:09 Ancient Protector
11:10 Ancient Protector
11:10 Ancient Protector
11:11 Ancient Protector
11:12 Ancient Protector
13:01 Tree of Life
13:26 Ancient Protector
13:26 Ancient Protector
13:32 Moon Well
13:41 Ancient Protector
14:04 Ancient Protector
14:05 Ancient Protector
14:08 Ancient Protector
14:10 Ancient Protector
14:16 Ancient Protector
14:17 Ancient Protector
14:34 Ancient Protector
14:57 Moon Well
14:57 Moon Well
14:59 Moon Well
14:59 Moon Well
15:38 Moon Well
15:38 Moon Well
15:38 Moon Well
15:39 Moon Well
16:01 Moon Well
16:01 Moon Well
16:01 Moon Well
16:01 Moon Well
16:20 Moon Well
16:20 Moon Well
16:20 Moon Well
16:21 Moon Well
16:30 Moon Well
16:31 Moon Well
17:01 Moon Well
17:23 Ancient Protector
17:26 Ancient Protector
17:26 Ancient Protector
17:27 Ancient Protector
17:35 Moon Well
17:35 Moon Well
17:38 Moon Well
17:38 Moon Well
17:48 Ancient Protector
17:54 Ancient Protector
17:54 Ancient Protector
17:54 Ancient Protector
17:55 Moon Well
18:09 Ancient Protector
18:09 Ancient Protector
18:27 Moon Well
18:28 Moon Well
18:28 Moon Well
18:44 Ancient Protector
18:46 Moon Well
18:47 Moon Well
18:47 Moon Well
18:48 Moon Well
18:48 Moon Well
18:48 Moon Well
19:02 Ancient Protector
19:19 Moon Well
19:20 Moon Well
19:20 Moon Well
19:21 Moon Well
19:21 Moon Well
19:22 Moon Well
20:03 Ancient Protector
20:03 Ancient Protector
20:12 Ancient Protector
20:12 Ancient Protector
20:12 Ancient Protector
20:13 Ancient Protector
20:14 Moon Well
20:14 Moon Well
20:14 Moon Well
20:15 Moon Well
20:39 Ancient Protector
20:40 Ancient Protector
20:40 Ancient Protector
20:40 Moon Well
20:41 Moon Well
20:41 Moon Well
20:42 Moon Well
21:06 Moon Well
21:07 Moon Well
21:07 Moon Well
21:07 Moon Well
21:16 Moon Well
21:48 Ancient Protector
22:15 Tree of Life
22:34 Ancient Protector
22:34 Ancient Protector
22:36 Ancient Protector
22:36 Ancient Protector
22:37 Ancient Protector
23:02 Ancient Protector
23:03 Ancient Protector
23:04 Ancient Protector
23:04 Moon Well
23:04 Moon Well
23:05 Moon Well
23:06 Moon Well
23:07 Moon Well
23:08 Moon Well
23:24 Ancient Protector
23:27 Moon Well
23:27 Moon Well
24:00 Ancient Protector
24:00 Ancient Protector
24:01 Ancient Protector
24:01 Ancient Protector
24:15 Ancient Protector
24:16 Ancient Protector
24:25 Moon Well
24:26 Moon Well
25:47 Moon Well
25:47 Moon Well
25:48 Moon Well
28:16 Moon Well
28:16 Moon Well
28:16 Moon Well
28:17 Moon Well
28:17 Moon Well
28:18 Moon Well
28:18 Moon Well
28:19 Moon Well
28:19 Moon Well
28:28 Moon Well
28:28 Moon Well
29:30 Ancient of War
29:31 Ancient of War
29:31 Ancient of War
29:32 Ancient of War
29:33 Ancient of War
29:33 Ancient of War
29:34 Ancient of War
29:34 Ancient of War
29:49 Tree of Life
» items
| Staff of Teleportation | 1 | |
| Circlet of Nobility | 1 | |
| Boots of Speed | 1 | |
| Anti-magic Potion | 1 | |
| Orb of Venom | 1 | |
| Potion of Mana | 1 | |
| Scroll of Town Portal | 1 | |
7 total
KINGOFTHEHUMANS (
purple | 96 APM | 4655 actions | 48:25)
7 Blademaster
3 Wind Walk
3 Critical Strike
1 Bladestorm
5 Shadow Hunter
2 Healing Wave
3 Hex
1 Warden
1 Shadow Strike
» actions
| Assign group hotkey | 78 | |
| Basic commands | 207 | |
| Build / train | 134 | |
| ESC pressed | 5 | |
| Enter build submenu | 55 | |
| Enter hero's abilities submenu | 13 | |
| Give item / drop item | 5 | |
| Right click | 1487 | |
| Select / deselect | 796 | |
| Select group hotkey | 1567 | |
| Use ability | 308 | |
4655 total
» units
| Peon | 12 | |
| Grunt | 4 | |
| Goblin Shredder | 2 | |
| Troll Headhunter/Berserker | 10 | |
| Goblin Zeppelin | 2 | |
| Kodo Beast | 2 | |
| Goblin Sapper | 9 | |
| Raider | 4 | |
| Demolisher | 1 | |
| Shaman | 3 | |
| Tauren | 2 | |
| Spirit Walker | 3 | |
| Troll Witch Doctor | 2 | |
56 total
» upgrades
| Ranged Weapons | 3 | |
| Berserker Strength | 1 | |
| Pillage | 1 | |
| Armor | 3 | |
| Reinforced Defenses | 1 | |
| Berserker Upgrade | 1 | |
| War Drums Damage Increase | 1 | |
| Troll Regeneration | 1 | |
| Envenomed Spears | 1 | |
| Ensnare | 1 | |
| Melee Weapons | 3 | |
| Liquid Fire | 1 | |
| Well Spring | 1 | |
| Burning Oil | 1 | |
| Spiked Barricades | 2 | |
| Shaman Training | 2 | |
| Witch Doctor Training | 2 | |
| Spirit Walker Training | 2 | |
| Pulverize | 1 | |
29 total
» buildings
| Orc Burrow | 7 | |
| Altar of Storms | 1 | |
| Barracks | 1 | |
| Voodoo Lounge | 2 | |
| Stronghold | 1 | |
| War Mill | 1 | |
| Watch Tower | 29 | |
| Beastiary | 4 | |
| Fortress | 2 | |
| Great Hall | 2 | |
| Spirit Lodge | 3 | |
| Tauren Totem | 2 | |
55 total
» build order
00:07 Orc Burrow
00:58 Altar of Storms
01:02 Barracks
01:13 Orc Burrow
01:34 Voodoo Lounge
02:23 Orc Burrow
03:49 Stronghold
04:07 Orc Burrow
04:23 War Mill
06:05 Watch Tower
06:07 Watch Tower
07:13 Beastiary
08:52 Fortress
08:52 Fortress
09:20 Watch Tower
09:39 Watch Tower
09:42 Watch Tower
09:58 Watch Tower
10:11 Watch Tower
10:44 Great Hall
11:27 Watch Tower
11:41 Watch Tower
12:15 Beastiary
12:20 Beastiary
12:30 Watch Tower
12:38 Watch Tower
14:23 Watch Tower
14:25 Watch Tower
15:07 Watch Tower
15:37 Watch Tower
15:38 Watch Tower
15:39 Watch Tower
15:41 Watch Tower
15:48 Voodoo Lounge
19:05 Orc Burrow
22:45 Great Hall
23:03 Watch Tower
23:03 Watch Tower
24:00 Watch Tower
24:00 Watch Tower
24:07 Orc Burrow
25:17 Watch Tower
25:18 Watch Tower
25:20 Watch Tower
25:42 Watch Tower
29:38 Watch Tower
29:39 Watch Tower
33:00 Beastiary
36:06 Spirit Lodge
36:06 Spirit Lodge
36:08 Spirit Lodge
36:48 Tauren Totem
36:51 Tauren Totem
36:58 Watch Tower
38:43 Orc Burrow
» items
| Healing Salve | 4 | |
| Boots of Speed | 3 | |
| Orb of Lightning | 2 | |
| Lesser Clarity Potion | 4 | |
| Potion of Healing | 2 | |
| Scroll of Town Portal | 1 | |
| Periapt of Vitality | 1 | |
| Staff of Teleportation | 2 | |
| Potion of Lesser Invulnerability | 1 | |
20 total

»
rockazi (
blue | 75 APM | 1633 actions | 21:51)
5 Keeper of the Grove
2 Force of Nature
3 Thorns Aura
4 Priestess of the Moon
2 Trueshot Aura
2 Scout
» actions
| Assign group hotkey | 35 | |
| Basic commands | 288 | |
| Build / train | 115 | |
| ESC pressed | 1 | |
| Enter build submenu | 15 | |
| Enter hero's abilities submenu | 9 | |
| Give item / drop item | 1 | |
| Right click | 203 | |
| Select / deselect | 265 | |
| Select group hotkey | 631 | |
| Use ability | 70 | |
1633 total
» units
| Wisp | 22 | |
| Archer | 32 | |
| Huntress | 1 | |
| Hippogryph | 23 | |
| Faerie Dragon | 2 | |
80 total
» upgrades
| Sentinel | 1 | |
| Ultravision | 1 | |
| Hippogryph Taming | 1 | |
| Improved Bows | 1 | |
| Strength of the Wild | 1 | |
| Strength of the Moon | 1 | |
| Moon Armor | 1 | |
| Reinforced Hides | 1 | |
8 total
» buildings
| Moon Well | 6 | |
| Altar of Elders | 1 | |
| Ancient of War | 1 | |
| Ancient of Wonders | 1 | |
| Tree of Ages | 1 | |
| Tree of Life | 1 | |
| Hunter's Hall | 1 | |
| Ancient Protector | 1 | |
| Ancient of Wind | 2 | |
| Tree of Eternity | 2 | |
17 total
» build order
00:08 Moon Well
00:14 Altar of Elders
01:05 Ancient of War
01:20 Moon Well
01:45 Ancient of Wonders
02:00 Moon Well
04:07 Tree of Ages
04:33 Tree of Life
04:51 Hunter's Hall
05:11 Moon Well
06:09 Ancient Protector
06:47 Ancient of Wind
08:16 Ancient of Wind
08:30 Moon Well
11:13 Moon Well
20:26 Tree of Eternity
20:26 Tree of Eternity
» items
| Periapt of Vitality | 1 | |
| Moonstone | 2 | |
| Scroll of Town Portal | 5 | |
| Staff of Preservation | 1 | |
| Potion of Healing | 2 | |
11 total
Chat log
(02:26 / All) UrAComedian: didn't mean to call to arms lol
(06:47 / Allies) ShiG: coming
(06:48 / Allies) ShiG: purp
(06:56 / Allies) ShiG: yeah lets hit green
(06:57 / Allies) ShiG: hes shitter
(08:02 / Allies) ShiG: im bk
(10:00 / Allies) ShiG: tp
(10:43 / All) UrAComedian: for that
(10:45 / All) UrAComedian: I got 100 food
(10:48 / Allies) ShiG: gold me
(10:49 / Allies) ShiG: now
(10:59 / Allies) ShiG: red
(11:02 / Allies) ShiG: or blue
(11:04 / Allies) ShiG: or someone
(11:25 / Allies) ShiG: gold
(11:26 / Allies) ShiG: me
(11:26 / Allies) ShiG: now
(11:28 / Allies) ShiG: i lost everything
(11:47 / Allies) ShiG: red
(11:48 / Allies) ShiG: 200g
(11:49 / Allies) ShiG: please
(12:14 / Allies) ShiG: blue
(12:15 / Allies) ShiG: purp
(12:17 / Allies) ShiG: lets hit
(12:18 / Allies) ShiG: i have no tp
(12:21 / Allies) ShiG: but we can hartrass
(13:37 / Allies) ShiG: dont run
(13:38 / Allies) ShiG: purp
(13:42 / Allies) ShiG: shit
(13:42 / Allies) ShiG: back
(13:43 / Allies) ShiG: now
(13:43 / Allies) ShiG: back
(13:56 / Allies) ShiG: run
(13:57 / Allies) ShiG: back
(14:08 / Allies) ShiG: hey red
(14:10 / Allies) ShiG: you need something
(14:12 / Allies) ShiG: other than a fucking hero
(14:13 / Allies) ShiG: dude
(14:14 / Allies) ShiG: legit
(14:26 / Allies) ShiG: is anyone watching this guy
(14:30 / Allies) ShiG: NO UNITS
(14:31 / Allies) ShiG: JUST A HERO
(14:42 / Allies) ShiG: red
(14:43 / Allies) ShiG: serious
(14:45 / Allies) ShiG: get hippos
(14:47 / Allies) ShiG: or some shit
(14:49 / Allies) ShiG: mass hippos
(15:06 / Allies) ShiG: we see purp
(15:08 / Allies) ShiG: jesus christ man
(15:24 / Allies) ShiG: RED GIVE ME GOLD
(15:25 / Allies) ShiG: 500
(15:26 / Allies) ShiG: ATLEAST
(15:29 / Allies) ShiG: SOMETHING
(15:30 / Allies) KINGOFTHEHUMANS: 3 expos and he isnt sharing
(16:09 / Allies) ShiG: RED GIVE ME GOLD
(16:10 / Allies) ShiG: I HAVE 0
(16:27 / Allies) KINGOFTHEHUMANS: solo warden and mass expos lol
(16:34 / Allies) ShiG: what the fuck dude
(16:35 / Allies) ShiG: is going on
(16:39 / Allies) ShiG: they have fucking MORTER TEAMS
(16:42 / Allies) ShiG: WHAT THIS GUYS DOING IS USELESS
(16:56 / Allies) ShiG: blue
(16:58 / Allies) ShiG: we need you
(16:59 / Allies) ShiG: come
(17:33 / All) UrAComedian: good team
(18:19 / Allies) ShiG: gold me
(18:20 / Allies) ShiG: now
(18:21 / Allies) ShiG: red
(18:28 / All) ShiG: RED
(18:31 / Allies) ShiG: RED
(18:34 / Allies) ShiG: U HAVE 2K GOLD
(18:36 / Allies) ShiG: GIVE ME 1000
(18:45 / Allies) ShiG: blue
(18:47 / Allies) ShiG: mass hippos
(18:48 / Allies) ShiG: fuck the archers
(18:50 / Allies) ShiG: we need AA
(19:43 / Allies) ShiG: I NEED GOLD RED
(19:52 / Allies) KINGOFTHEHUMANS: 2k and 3 expos
(19:53 / Allies) ShiG: PURP
(19:55 / Allies) ShiG: MAKE BATS
(19:57 / Allies) KINGOFTHEHUMANS: with what
(19:59 / Allies) KINGOFTHEHUMANS: I have 100 gold
(20:04 / Allies) KINGOFTHEHUMANS: my expo keeps getting hit
(20:06 / Allies) KINGOFTHEHUMANS: and no one is sharing
(20:08 / Allies) ShiG: ur fucking peons
(20:09 / Allies) ShiG: arent even on
(20:12 / Allies) ShiG: trhe fucking gold mine
(20:13 / Allies) ShiG: for fuck sakes
(20:30 / All) UrAComedian: tired of having to
(20:32 / All) UrAComedian: fucking
(20:35 / All) UrAComedian: do the same command 50 times
(20:36 / All) UrAComedian: before it goes
(21:29 / All) UrAComedian: how about use tanks on air
(21:58 / Allies) ShiG: ill take him
(22:31 / Allies) ShiG: STOP UPROOTING HIM
(22:34 / Allies) KINGOFTHEHUMANS: no
(22:39 / Allies) ShiG: dude'
(22:41 / Allies) ShiG: im playing
(22:41 / Allies) ShiG: blue
(22:43 / Allies) ShiG: you fucking idiot
(22:52 / Allies) KINGOFTHEHUMANS: alright, and I'm taking his expo
(22:52 / Allies) ShiG: are you retarded?
(22:55 / Allies) ShiG: DUDE
(22:57 / Allies) ShiG: HE NEEDS GOLD
(22:59 / Allies) ShiG: FOR FUCK SAKES
(23:00 / Allies) KINGOFTHEHUMANS: so do I
(23:09 / Allies) ShiG: i cant even believe this shit
(23:11 / Allies) ShiG: dude
(23:20 / Allies) ShiG: then do something useful
(23:21 / Allies) ShiG: for fuck sakes
(23:25 / Allies) ShiG: bats
(23:25 / Allies) ShiG: now
(23:26 / Allies) KINGOFTHEHUMANS: tell red to
(23:30 / Allies) KINGOFTHEHUMANS: he has 1 hero and tons of mines
(23:31 / Allies) ShiG: IVE BEEN TRYING
(23:33 / Allies) ShiG: CANT U FUCKING READ
(23:35 / Allies) ShiG: U STUPID FUCK
(23:37 / Allies) KINGOFTHEHUMANS: then dont bitch at me when he has nothing
(23:38 / Allies) ShiG: CLEARLY HES RETARDED
(23:40 / Allies) KINGOFTHEHUMANS: rage more
(26:43 / Allies) ShiG: THEN DO SOMETRHING
(26:45 / Allies) ShiG: WITH UR FUCKING ARMY
(26:47 / Allies) ShiG: U IDIOT RED
(28:30 / Allies) KINGOFTHEHUMANS: red share gold
(28:34 / Allies) ShiG: red
(28:36 / Allies) ShiG: please
(28:37 / Allies) ShiG: we need gold
(28:38 / Allies) ShiG: dude
(30:03 / All) TriHeroPlayer: commend me
(30:18 / All) KINGOFTHEHUMANS: for what
(31:15 / Allies) ShiG: hahahahahha
(31:16 / Allies) ShiG: wtf
(31:52 / All) quikmaffs242: yeah maybe not huh
(32:13 / All) KINGOFTHEHUMANS: how was mid right shop never crept wtf
(32:27 / All) UrAComedian: they hit green when I was creeping it
(34:52 / Allies) ShiG: wow
(34:54 / Allies) TriHeroPlayer: GG
(34:59 / Allies) ShiG: shut the fuck up
(34:59 / Allies) KINGOFTHEHUMANS: lol
(35:00 / Allies) ShiG: it wasnt a gg
(35:03 / Allies) KINGOFTHEHUMANS: =
(35:03 / Allies) ShiG: you stupid fucking retard
(35:05 / Allies) TriHeroPlayer: wish teal wasnt NOOOB
(35:07 / All) KINGOFTHEHUMANS: teal is pissed
(35:09 / Allies) KINGOFTHEHUMANS: same
(35:11 / All) ShiG: whole team
(35:13 / All) ShiG: is retarded
(35:14 / All) UrAComedian: teal sucks
(35:15 / Allies) KINGOFTHEHUMANS: you did more than him with 1 hero
(35:18 / All) KINGOFTHEHUMANS: LOL
(40:44 / All) DeathByStealth2: ur a piece of shit
(40:52 / All) KINGOFTHEHUMANS: something wrong oj?
(43:03 / All) DeathByStealth2: gg stupid cunts on wc nowadays
(43:05 / All) KINGOFTHEHUMANS: out
(43:50 / All) KINGOFTHEHUMANS: 100 food orc army isn't as good without tc
(43:57 / All) KINGOFTHEHUMANS: no endurance army is like ud army with no unholy aura
(43:59 / All) KINGOFTHEHUMANS: endurance aura*
(45:37 / All) KINGOFTHEHUMANS: leave green
(45:40 / All) KINGOFTHEHUMANS: stop being rude
(45:47 / All) KINGOFTHEHUMANS: I won this fair and square don't drag it out
(46:20 / All) UrAComedian: my base
(47:36 / All) KINGOFTHEHUMANS: this 100 food army rapes
(47:52 / All) UrAComedian: I wonder if green really went afk
(48:20 / All) UrAComedian: Well as he isn't talking I'll end it. GG green, the win has been repo'd